 Dungeon Crawl Stone Soup version 0.25-a0-1104-g1bb6b8da34 (webtiles) character file.

Game seed: 16480617940294806841, levelgen mode: deterministic

29295 EWolf27 the Grappler (level 13, -8/133 HPs)
             Began as a Troll Berserker on May 15, 2020.
             Was a High Priest of Trog.
             Mangled by a cyan ugly thing (12 damage)
             ... on level 14 of the Dungeon on May 16, 2020.
             The game lasted 01:37:35 (18590 turns).

EWolf27 the Grappler (Troll Berserker)             Turns: 18590, Time: 01:37:38

Health: -8/133     AC: 10    Str: 30    XL:     13   Next: 14%
Magic:  12/12      EV: 13    Int:  6    God:    Trog [*****.]
Gold:   992        SH: 12    Dex: 10    Spells: 12/12 levels left

rFire    + . .     SeeInvis .     - Unarmed
rCold    . . .     Gourm    +   y - +0 kite shield
rNeg     + . .     Faith    .   N - +0 steam dragon scales
rPois    +         Spirit   .   (helmet restricted)
rElec    .         Reflect  .   n - +0 cloak {rCorr}
rCorr    +         Harm     .   (gloves unavailable)
MR       .....                  (boots unavailable)
Stlth    +.........             (no amulet)
HPRegen  0.72/turn              u - ring "Woemargh" {rPois rN+ Int+2}
MPRegen  0.13/turn              E - ring of protection from fire

@: about to teleport
A: large, unfitting armour, claws 3, fast metabolism 3, gourmand, regeneration
1, shaggy fur 1, tough skin 3
a: Berserk, Trog's Hand, Brothers in Arms, Renounce Religion


You were on level 14 of the Dungeon.
You worshipped Trog.
Trog was extremely pleased with you.
You were not hungry.

You visited 2 branches of the dungeon, and saw 16 of its levels.

You collected 1016 gold pieces.
You spent 24 gold pieces at shops.

Inventory:

Hand Weapons
 a - a +0 giant spiked club
 b - a +0 morningstar of draining
Missiles
 H - 21 boomerangs (quivered)
 S - 3 large rocks
Armour
 n - a +0 cloak of preservation (worn)
 y - a +0 kite shield (worn)
 N - +0 steam dragon scales (worn)
Jewellery
 u - the ring "Woemargh" (left claw) {rPois rN+ Int+2}
   (You found it on level 4 of the Dungeon)

   [ring of positive energy]

   It affects your intelligence (+2).
   It protects you from poison.
   It protects you from negative energy.
 D - an uncursed amulet of regeneration {unknown}
 E - a ring of protection from fire (right claw)
Wands
 m - a wand of paralysis (10)
 s - a wand of flame (13)
 C - a wand of iceblast (7)
 K - a wand of disintegration (13)
Scrolls
 c - a scroll of identify
 d - 2 scrolls of fog
 i - 3 scrolls of remove curse
 k - 3 scrolls of immolation
 o - 3 scrolls of magic mapping
 p - a scroll of fear {unknown}
 x - a scroll of teleportation
 B - a scroll of enchant armour {unknown}
 L - a scroll of enchant weapon {unknown}
 P - a scroll of brand weapon
 Q - 3 scrolls of noise {unknown}
Potions
 e - 3 potions of curing
 g - 3 potions of stabbing
 j - 2 potions of haste
 l - 2 potions of heal wounds
 q - 2 potions of ambrosia
 r - 2 potions of might
 t - a potion of invisibility
 v - 4 potions of lignification
 w - a potion of magic {unknown}
 z - a potion of mutation {unknown}
 A - a potion of resistance {unknown}
 F - a potion of degeneration {unknown}
 G - a potion of berserk rage {unknown}
 I - a potion of cancellation {unknown}
 J - a potion of brilliance {unknown}
 M - a potion of flight {unknown}
Comestibles
 f - 28 rations


   Skills:
 - Level 10.0 Fighting
 + Level 5.6 Maces & Flails
 + Level 2.3 Throwing
 + Level 8.3 Dodging
 - Level 9.0 Shields
 - Level 12.0 Unarmed Combat


You had 12 spell levels left.
You didn't know any spells.
Your spell library was empty.

Dungeon Overview and Level Annotations

Branches:
Dungeon (15/15)            Temple (1/1) D:7            Lair (0/6) D:8
    Orc (0/2) D:9          Vaults (0/5) D:14         Depths (0/5) D:15

Altars:
Ashenzari
Cheibriados
Dithmenos
Elyvilon
Fedhas
Gozag
Hepliaklqana
Kikubaaqudgha
Makhleb
Nemelex Xobeh
Okawaru
Qazlal
Ru
Sif Muna
Trog
Uskayaw
Vehumet
Wu Jian
Xom
Yredelemnul
Zin
The Shining One
Beogh

Shops:
D:14 *

Annotations:
D:3 1 runed translucent door
D:7 3 runed translucent doors, PirateVox's ghost, novice GnCj
D:12 2 transporters, exclusion: ice statue, Ummyafucac's ghost, journeyman OpWz


Innate Abilities, Weirdness & Mutations

You are too large for most types of armour.
You have claws for hands.
Your metabolism is lightning-fast.
You like to eat raw meat.
Your natural rate of healing is unusually fast.
You are covered in fur. (AC +1)
You have extremely tough skin. (AC +3)


Message History

The red ugly thing bites you!
You are engulfed in flames!
You resist.
You scratch the red ugly thing but do no damage.
The red ugly thing is heavily wounded.
The cyan ugly thing engulfs you. The cyan ugly thing shocks you!
The cyan ugly thing barely misses you. The red ugly thing bites you!
You are engulfed in flames!
You resist.
* * * LOW HITPOINT WARNING * * *
You feel much better. The cyan ugly thing engulfs you.
The cyan ugly thing shocks you! You block the cyan ugly thing's attack.
The red ugly thing bites you!
* * * LOW HITPOINT WARNING * * *
You are engulfed in flames.
You resist.
* * * LOW HITPOINT WARNING * * *
As you read the scroll of teleportation, it crumbles to dust.
You feel strangely unstable. The cyan ugly thing engulfs you.
* * * LOW HITPOINT WARNING * * *
The cyan ugly thing shocks you!
* * * LOW HITPOINT WARNING * * *
The cyan ugly thing claws you!
You die...

.......# #.....#}#.....#.# #(.
######.# #....#####....#.#
####.. #.# #......∩......#.#
#..... #.# #....#####....#.#
#†#### #.###.....#(#)....#.#
#.# #.#.....)...=/....#.# #.#
#.................#.# #.#
########.#..####u#######.# #.#
....####.#.## #@#######.###.#
###....#.#.#####uu.......[...#
####.#.#.......#######.#####
#...................#
###.#######.######### #.# #.#
#.# #.# #.#######.#
#.........#


You could see 3 ugly things.

Vanquished Creatures
  Snorg (D:11)
  Harold (D:8)
  2 centaur warriors (D:13)
  4 two-headed ogres
  2 dancing weapons (D:14)
  An unseen horror (D:12)
  3 ugly things
  A cyclops (D:15)
  Maurice (D:8)
  Psyche (D:12)
  A centaur skeleton (D:14)
  A kobold demonologist (D:12)
  A freezing wraith (D:14)
  8 trolls
  Grinder (D:5)
  2 hornets
  Prince Ribbit (D:6)
  11 slime creatures
  3 hippogriffs
  A vampire (D:14)
  A shadow (D:14)
  20 yaks
  2 wraiths
  5 hungry ghosts
  The ghost of brujo666 the Cudgeler, an amateur DsBe of Trog (D:3)
  2 steam dragons
  Grum (D:8)
  Eustachio (D:4)
  3 soldier ants
  10 orc warriors
  3 sky beasts
  A black bear (D:12)
  2 phantoms
  3 ice beasts
  A necrophage (D:10)
  9 centaurs
  9 ogres
  3 wolves
  7 big kobolds
  4 gnoll sergeants (D:9)
  10 bullfrogs
  2 wyvern skeletons (D:11)
  4 scorpions
  17 wights
  8 howler monkeys
  11 crimson imps
  5 hounds
  3 quasits
  A centaur zombie (D:6)
  4 jellies
  7 orc priests
  Crazy Yiuf (D:4)
  4 bullfrog skeletons
  9 orc wizards
  Natasha (thrice) (D:4)
  5 iguanas
  10 worker ants
  A hound zombie (D:7)
  2 hound skeletons
  A howler monkey zombie (D:6)
  12 gnolls
  A howler monkey skeleton (D:6)
  2 worker ant zombies
  18 adders
  2 shadow imps
  A white imp (D:7)
  An adder zombie (D:5)
  3 adder skeletons
  4 worms
  4 dart slugs
  8 leopard geckos
  78 orcs
  5 bats
  2 giant cockroaches
  24 goblins
  8 hobgoblins
  21 jackals
  16 kobolds
  8 quokkas
  5 ball pythons
  3 frilled lizards
  2 jackal zombies
  A leopard gecko skeleton (D:5)
  3 quokka skeletons
  7 rats
482 creatures vanquished.

Vanquished Creatures (collateral kills)
  Sonja (D:13)
  A human (shapeshifter) (D:13)
  An orc warrior (D:13)
  A bullfrog (D:13)
  A wyvern skeleton (D:12)
  An orc (D:13)
  3 kobolds (D:12)
9 creatures vanquished.

Vanquished Creatures (others)
  2 ufetubi (D:12)
2 creatures vanquished.

Grand Total: 493 creatures vanquished

Notes
Turn   | Place    | Note
-------+----------+-------------------------------------------
     0 | D:1      | EWolf27 the Troll Berserker began the quest for the Orb.
     0 | D:1      | Reached XP level 1. HP: 22/22 MP: 0/0
   271 | D:1      | Reached XP level 2. HP: 29/29 MP: 1/1
   515 | D:1      | Reached XP level 3. HP: 33/37 MP: 2/2
   517 | D:1      | Reached ** piety under Trog
  1156 | D:2      | Reached skill level 4 in Unarmed Combat
  1215 | D:2      | Found a snail-covered altar of Cheibriados.
  1222 | D:2      | Reached XP level 4. HP: 45/45 MP: 3/3
  1252 | D:2      | Found a hide-covered altar of Uskayaw.
  1252 | D:2      | Found a bloodstained altar of Trog.
  1284 | D:2      | Found a basalt altar of Yredelemnul.
  1285 | D:2      | You fall into a shaft and drop 1 floor!
  1300 | D:3      | Found a runed translucent door.
  1316 | D:3      | Noticed brujo666's ghost (amateur DsBe)
  1345 | D:3      | Found a runed translucent door.
  1349 | D:3      | Noticed a bullfrog
  2122 | D:3      | Noticed an ogre
  2130 | D:3      | Killed an ogre
  2130 | D:3      | Reached XP level 5. HP: 37/54 MP: 4/4
  2213 | D:3      | Found a stormy altar of Qazlal.
  2306 | D:3      | Reached *** piety under Trog
  2827 | D:4      | Noticed Eustachio
  2839 | D:4      | Killed Eustachio
  2839 | D:4      | Reached skill level 5 in Unarmed Combat
  2839 | D:4      | Reached XP level 6. HP: 62/62 MP: 5/5
  2894 | D:4      | Got a sparkling tin ring
  2895 | D:4      | Identified the ring "Woemargh" {rPois rN+ Int+2} (You found
                  | it on level 4 of the Dungeon)
  3159 | D:4      | Found a runed translucent door.
  3159 | D:4      | Noticed Natasha
  3160 | D:4      | Noticed Crazy Yiuf
  3251 | D:4      | Killed Crazy Yiuf
  3251 | D:4      | Reached XP level 7. HP: 35/71 MP: 6/6
  3252 | D:4      | Killed Natasha
  3567 | D:4      | Noticed Natasha
  3572 | D:4      | Killed Natasha
  3990 | D:4      | Noticed Natasha
  3994 | D:4      | Killed Natasha
  4401 | D:5      | Entered Level 5 of the Dungeon
  4401 | D:5      | Noticed Grinder
  4513 | D:5      | Reached skill level 5 in Fighting
  4513 | D:5      | Reached skill level 6 in Unarmed Combat
  4940 | D:5      | Reached **** piety under Trog
  5113 | D:5      | Killed Grinder
  5113 | D:5      | Reached skill level 1 in Shields
  5113 | D:5      | Reached XP level 8. HP: 83/83 MP: 7/7
  5369 | D:6      | Reached skill level 7 in Unarmed Combat
  5954 | D:6      | Noticed Prince Ribbit
  5963 | D:6      | Killed Prince Ribbit
  5993 | D:6      | Noticed a hippogriff
  6004 | D:6      | Killed a hippogriff
  6004 | D:6      | Reached skill level 8 in Unarmed Combat
  6004 | D:6      | Reached XP level 9. HP: 49/89 MP: 8/8
  6173 | D:6      | Found a faded altar of an unknown god.
  6173 | D:6      | Found a faded altar of an unknown god.
  6186 | D:6      | Found a blossoming altar of Fedhas.
  6189 | D:6      | Found an ornate altar of the Wu Jian Council.
  6191 | D:6      | Found a shimmering altar of Xom.
  6737 | D:7      | Reached skill level 5 in Dodging
  6918 | D:7      | Found a staircase to the Ecumenical Temple.
  6942 | Temple   | Entered the Ecumenical Temple
  7462 | D:7      | Found a burning altar of Makhleb.
  7650 | D:7      | Found a runed translucent gate.
  7650 | D:7      | Found a runed translucent gate.
  7650 | D:7      | Found a runed translucent gate.
  7651 | D:7      | Noticed PirateVox's ghost (novice GnCj)
  7830 | D:8      | Noticed Maurice
  7840 | D:8      | Reached skill level 5 in Shields
  7840 | D:8      | Reached skill level 9 in Unarmed Combat
  7911 | D:8      | Found a staircase to the Lair.
  8143 | D:8      | Noticed Harold
  8159 | D:8      | Noticed Grum
  8387 | D:8      | Upgraded the game from 0.25-a0-1078-gea6e5d949a to
                  | 0.25-a0-1104-g1bb6b8da34
  8535 | D:3      | Killed brujo666's ghost
  8751 | D:8      | Found a white marble altar of Elyvilon.
  8789 | D:8      | Reached XP level 10. HP: 90/98 MP: 9/9
  8820 | D:8      | Killed Harold
  8828 | D:8      | Killed Grum
  9017 | D:8      | Killed Maurice
  9224 | D:8      | Found a sacrificial altar of Ru.
  9459 | D:8      | Reached ***** piety under Trog
  9484 | D:8      | Reached skill level 10 in Unarmed Combat
  9531 | D:8      | Found a hazy altar of Hepliaklqana.
 10239 | D:9      | Reached XP level 11. HP: 107/107 MP: 10/10
 10241 | D:9      | Found a staircase to the Orcish Mines.
 10997 | D:9      | Found a roughly hewn altar of Beogh.
 11786 | D:10     | Entered Level 10 of the Dungeon
 12416 | D:10     | You fall into a shaft and drop 3 floors!
 12552 | D:12     | Noticed Psyche
 12559 | D:12     | Killed Psyche
 12668 | D:12     | Received a gift from Trog
 13187 | D:12     | Found a transporter.
 13189 | D:12     | Noticed Ummyafucac's ghost (journeyman OpWz)
 13190 | D:12     | Noticed a skeletal warrior
 13190 | D:12     | Noticed a necromancer
 13196 | D:12     | Found a transporter.
 13202 | D:12     | Noticed a skeletal warrior
 13638 | D:10     | Found a radiant altar of Vehumet.
 13729 | D:10     | Reached ****** piety under Trog
 14644 | D:11     | Reached XP level 12. HP: 122/122 MP: 11/11
 14717 | D:11     | Reached skill level 1 in Maces & Flails
 15504 | D:13     | Noticed a two-headed ogre
 15519 | D:13     | Killed a two-headed ogre
 15697 | D:13     | Received a gift from Trog
 15701 | D:13     | Reached skill level 11 in Unarmed Combat
 15803 | D:13     | Noticed a two-headed ogre
 15819 | D:13     | Killed a two-headed ogre
 15909 | D:13     | Noticed a centaur warrior
 15910 | D:13     | Noticed a two-headed ogre
 16082 | D:12     | Identified the +0 scale mail of a Labyrinth {*Drain +Blink
                  | rN+ Str+2}
 16416 | D:12     | Noticed Snorg
 16428 | D:11     | Killed Snorg
 16669 | D:13     | Noticed a centaur warrior
 16683 | D:13     | Killed a centaur warrior
 16784 | D:13     | You fall into a shaft and drop 2 floors!
 16784 | D:15     | Entered Level 15 of the Dungeon
 16968 | D:14     | Reached skill level 12 in Unarmed Combat
 16971 | D:14     | Found a gate to the Vaults.
 17097 | D:14     | Found Umud Bogol's General Store.
 17112 | D:14     | Bought a scroll of identify for 24 gold pieces
 17276 | D:14     | Reached skill level 10 in Fighting
 17389 | D:13     | Noticed Sonja
 17398 | D:13     | Killed Sonja
 17403 | D:13     | Reached skill level 5 in Maces & Flails
 17447 | D:13     | Killed a two-headed ogre
 17447 | D:13     | Reached skill level 1 in Throwing
 17447 | D:13     | Reached XP level 13. HP: 133/133 MP: 12/12
 18086 | D:14     | Found a radiant altar of Vehumet.
 18590 | D:14     | HP: 4/133 [cyan ugly thing (17)]
 18590 | D:14     | Mangled by a cyan ugly thing

Illustrated notes

Levels and vault maps discovered:
D:1:      dpeg_arrival_windows_large_door, layout_loops_ring, minivault_25
D:2:      kennysheep_the_goblin_king, layout_basic,
          nicolae_overflow_hidden_temple, lemuel_doored_altar
D:3:      layout_rooms, grunt_qazlal_clouds, ebering_ghost_sewer_f,
          minmay_cut_off
D:4:      layout_loops_cross, uniq_crazy_yiuf_cottage, uniq_natasha,
          uniq_eustachio
D:5:      layout_basic, first_ration, minmay_holes, uniq_grinder
D:6:      layout_loops_ring, chequers_temple_overflow_minitemple,
          eino_small_chamber_without_monster, minmay_joined_circles,
          uniq_prince_ribbit1
D:7:      layout_rooms, kennysheep_mini_moat, minmay_temple_entry_glass,
          gammafunk_ghost_necromancy, minmay_fire_ice_demons
D:8:      layout_basic, hangedman_ru_absence, lemuel_coloured_pillars_altar,
          marbit_many_paths, lair_entry_dummy, uniq_harold, uniq_grum,
          uniq_maurice
D:9:      layout_roguey, kennysheep_orc_monster_closet_entryway, special_room
          [special_room_orc]
D:10:     layout_irregular_city, basic_altar
D:11:     layout_cave_pods
D:12:     cheibrodos_frozen_isle, layout_layer_cave, gammafunk_ghost_mausoleum,
          uniq_snorg, uniq_psyche
D:13:     layout_long_grid, uniq_sonja
D:14:     layout_loops_ring, erik_vaults_1, basic_altar, serial_shops,
          nicolae_shop_statue_plus
D:15:     hangedman_depths_entry_try_elsewhere_first, layout_irregular_city,
          minmay_misc_feat_rugged
Temple:   cyrus_temple_forest

Skill      XL: |  1  2  3  4  5  6  7  8  9 10 11 12 13 |
---------------+----------------------------------------+-----
Fighting       | 3 4 5 6 8 10 | 10.0
Unarmed Combat | 4 5 6 8 9 10 12 | 12.0
Dodging        | 3 4 6 7 8 |  8.3
Shields        | 1 3 5 7 9 |  9.0
Maces & Flails | 5 |  5.6
Throwing       | 1 2 |  2.3

Action                   |  1- 3 |  4- 6 |  7- 9 | 10-12 | 13-15 || total
-------------------------+-------+-------+-------+-------+-------++-------
Melee: Unarmed           |   133 |   127 |   417 |   925 |    50 ||  1652
       Punch             |       |     3 |     2 |       |       ||     5
Throw: Boomerang         |       |       |       |     7 |       ||     7
Invok: Trog's Hand       |       |     1 |     4 |     5 |       ||    10
       Berserk           |       |     1 |     1 |     4 |       ||     6
       Brothers in Arms  |       |       |       |     2 |       ||     2
  Use: Scroll            |       |     2 |     4 |    11 |     1 ||    18
       Potion            |       |       |     3 |     1 |     1 ||     5
 Stab: Sleeping          |       |     2 |       |     2 |       ||     4
       Distracted        |       |       |       |     1 |       ||     1
  Eat: Chunk             |    15 |    21 |    63 |    98 |     5 ||   202
       Ration            |       |       |       |     1 |       ||     1
Armor: Animal skin       |    69 |    58 |   140 |    70 |       ||   337
       Steam dragon scal |       |       |       |   141 |     7 ||   148
Dodge: Dodged            |    97 |    65 |   177 |   414 |    17 ||   770
Block: Kite shield       |       |       |   175 |   545 |    29 ||   749

Table legend:
 A = Non-vault XP
 B = Vault XP
 C = Vault XP percentage of total XP
 D = Non-vault monster count
 E = Vault monster count
 F = Vault count percentage of total count
                 A         B        C        D         E       F
            +---------+---------+-------+---------+---------+-------
      Total |   32823 |    9027 |  21.6 |     399 |      92 |  18.7
            +---------+---------+-------+---------+---------+-------
        D:1 |      47 |       0 |   0.0 |      25 |       0 |   0.0
        D:2 |      71 |      13 |  15.5 |      27 |       7 |  20.6
        D:3 |     206 |     318 |  60.7 |      27 |      13 |  32.5
        D:4 |     341 |     252 |  42.5 |      10 |       3 |  23.1
        D:5 |     453 |     277 |  37.9 |      20 |       1 |   4.8
        D:6 |    1207 |     544 |  31.1 |      31 |      10 |  24.4
        D:7 |    1010 |     286 |  22.1 |      33 |       4 |  10.8
        D:8 |    1000 |    1988 |  66.5 |      21 |       6 |  22.2
        D:9 |    3803 |    1760 |  31.6 |      38 |      43 |  53.1
       D:10 |    2874 |       0 |   0.0 |      37 |       0 |   0.0
       D:11 |    3503 |    1145 |  24.6 |      42 |       1 |   2.3
       D:12 |    6119 |     232 |   3.7 |      44 |       1 |   2.2
       D:13 |    8395 |     404 |   4.6 |      31 |       1 |   3.1
       D:14 |    2961 |    1808 |  37.9 |      11 |       2 |  15.4
       D:15 |     833 |       0 |   0.0 |       2 |       0 |   0.0
            +---------+---------+-------+---------+---------+-------
